 Dungeon Crawl Stone Soup version 0.28-b1-1-g3c77fb2ed1 (webtiles) character file.

Game seed: 15024084826809438551

358 cbfl8 the Sneak (level 6, -6/53 HPs)
             Began as a Minotaur Delver on Jan 30, 2022.
             Was an Initiate of Yredelemnul.
             Killed by divine providence
             ... invoked by an orc priest
              (9 damage)
             ... on level 3 of the Dungeon.
             The game lasted 00:09:22 (3432 turns).

cbfl8 the Sneak (Minotaur Delver)                   Turns: 3432, Time: 00:09:22

Health: -6/53      AC: 12    Str: 20    XL:     6   Next: 37%
Magic:  5/5        EV:  7    Int:  7    God:    Yredelemnul [......]
Gold:   138        SH:  0    Dex: 18    Spells: 5/5 levels left

rFire   . . .      SeeInvis .   d - +8 long sword "Apim" {speed, Str+2}
rCold   . . .      Faith    .   (no shield)
rNeg    . . .      Spirit   .   n - +0 plate armour
rPois   .          Reflect  .   (helmet restricted)
rElec   .          Harm     .   (no cloak)
rCorr   .          Rampage  .   k - +0 pair of gloves
Will    .....                   (no boots)
Stlth   ..........              i - amulet of the acrobat
HPRegen 0.17/turn               f - ring of Doynkiudwu {Fly Will- Dex+6}
MPRegen 0.09/turn               (no ring)

@: flying
A: horns 2, retaliatory headbutt
a: Renounce Religion, Recall Undead Harvest


You were on level 3 of the Dungeon.
You worshipped Yredelemnul.
Yredelemnul was noncommittal.
You visited 2 branches of the dungeon, and saw 6 of its levels.

You collected 138 gold pieces.

Inventory:

Hand Weapons
 a - a +0 hand axe
 d - the +8 long sword "Apim" (weapon) {speed, Str+2}
   (You found it on level 5 of the Dungeon)

   Attacks with this weapon are significantly faster.
   Str:       It affects your strength (+2).
Armour
 b - a +0 leather armour
 k - a +0 pair of gloves (worn)
 m - a +0 ring mail
 n - a +0 plate armour (worn)
Jewellery
 f - the ring of Doynkiudwu (left hand) {Fly Will- Dex+6}
   (You acquired it on level 3 of the Dungeon)

   [ring of flight]

   Dex:       It affects your dexterity (+6).
   Fly:       It grants you flight.
   Will:      It decreases your willpower.
 h - an amulet of guardian spirit
 i - an amulet of the acrobat (around neck)
Wands
 g - a wand of digging (3)
Scrolls
 c - a scroll of fog
 e - a scroll of amnesia
 j - a scroll of brand weapon {unknown}
 l - 2 scrolls of identify
 o - a scroll of noise
 p - a scroll of enchant armour {unknown}


   Skills:
 + Level 4.4 Fighting
 + Level 3.7 Long Blades
 + Level 3.2 Axes
 + Level 3.2 Armour
 + Level 2.8 Dodging
 + Level 5.2 Stealth


You had 5 spell levels left.
You didn't know any spells.
Your spell library was empty.

Dungeon Overview and Level Annotations

Branches:
Dungeon (5/15)             Temple (1/1) D:4

Altars:
Ashenzari
Dithmenos
Elyvilon
Fedhas
Nemelex Xobeh
Qazlal
Ru
Sif Muna
Uskayaw
Vehumet
Wu Jian
Xom
Yredelemnul
The Shining One
Lugonu

Annotations:
D:4 Grinder


Innate Abilities, Weirdness & Mutations

You have a pair of horns on your head.
You reflexively headbutt those who attack you in melee.


Message History

The orc priest hits you with a +0 mace.
You hit the orc priest.
The orc priest is heavily wounded.
The orc priest barely misses you. You furiously retaliate!
You headbutt the orc priest, but do no damage.
The orc priest hits you with a +0 mace.
The orc priest begins to cast a cantrip, but forgets the words!
You slash the orc priest!
You kill the orc priest!
The orc priest barely misses you.
The orc priest looks satisfied for a moment.
The centaur barely misses you. x2
You slash the centaur! Your headbutt misses the centaur.
The centaur is moderately wounded.
The centaur hits you. The centaur kicks you.
The orc priest hits you but does no damage.
You barely miss the centaur.
The centaur is moderately wounded.
The centaur hits you but does no damage.
The centaur kicks you but does no damage.
The orc priest calls down the wrath of Beogh upon you.
Beogh smites you!
You slash the centaur!
The centaur is almost dead.
The centaur hits you.
The centaur kicks you but does no damage.
The orc priest invokes the aid of Beogh against you.
Beogh smites you!
You barely miss the centaur.
The centaur is almost dead.
The centaur hits you.
* * * LOW HITPOINT WARNING * * *
The centaur kicks you but does no damage.
The orc priest calls down the wrath of Beogh upon you.
Beogh smites you!
* * * LOW HITPOINT WARNING * * *
The orc priest mumbles some strange prayers to Beogh against you.
Beogh smites you!
You die...
Your body rises from the dead as a mindless zombie.

....# #### ###+.#....
...... ..# #....#....
#.#...#####.# #....#.._.
.........##.###....#....
.....#.##........#....
#.#.#.##........###'#
..##...Z.##.....#.......
.......ZZ...............
..#####@#######...######
#co....##.).....##
#Ko....###........
#......# #.####.#.
#......# #.# ...#.
#......# #.#.#####
#......# #.# ...
#......# #.# #
###.#######


You could see a centaur (ally target), 2 orc priests, a kobold, a friendly ball
python zombie, a friendly kobold zombie and a friendly orc zombie.

Vanquished Creatures
  3 orc priests
  A bullfrog skeleton (D:5)
  An orc wizard (D:3)
  Natasha (thrice) (D:2)
  A killer bee zombie (D:3)
  Robin (D:2)
  2 adders
  An ufetubus (D:5)
  A worm (D:2)
  3 dart slugs (D:2)
  5 orcs (D:3)
  5 endoplasms
  A giant cockroach (D:1)
  9 goblins
  9 hobgoblins
  2 jackals (D:1)
  6 quokkas
  2 ball pythons
  3 bats
  2 frilled lizards (D:1)
  A kobold (D:3)
  8 rats
70 creatures vanquished.

Vanquished Creatures (collateral kills)
  A bat (D:1)
  2 goblins
  A quokka (D:2)
  2 ball pythons
  A kobold (D:2)
7 creatures vanquished.

Vanquished Creatures (others)
  A bat zombie (D:2)
  2 ball python zombies (D:2)
  2 goblin zombies (D:3)
  A hobgoblin zombie (D:3)
  An orc zombie (D:3)
  A rat zombie (D:2)
  A spectral endoplasm (D:2)
  13 plants (D:2)
22 creatures vanquished.

Grand Total: 99 creatures vanquished

Notes
Turn   | Place    | Note
-------+----------+-------------------------------------------
     0 | D:5      | cbfl8 the Minotaur Delver began the quest for the Orb.
     0 | D:5      | Reached XP level 1. HP: 19/19 MP: 0/0
     9 | D:4      | Noticed Grinder
    51 | D:5      | Reached XP level 2. HP: 15/27 MP: 1/1
   227 | D:5      | Reached XP level 3. HP: 21/33 MP: 2/2
   365 | D:5      | Identified the +8 long sword "Apim" {speed, Str+2}
   402 | D:5      | Reached XP level 4. HP: 6/40 MP: 3/3
   693 | D:4      | Reached skill level 1 in Long Blades
   693 | D:4      | Reached skill level 5 in Stealth
   740 | D:4      | Found a staircase to the Ecumenical Temple.
   751 | Temple   | Entered the Ecumenical Temple
   941 | Temple   | Became a worshipper of Yredelemnul the Dark
   988 | D:3      | Reached skill level 1 in Armour
  1130 | D:2      | Found a hide-covered altar of Uskayaw.
  1175 | D:2      | Reached * piety under Yredelemnul
  1194 | D:2      | Noticed Natasha
  1200 | D:2      | Killed Natasha
  1200 | D:2      | Reached ** piety under Yredelemnul
  1201 | D:2      | Reached XP level 5. HP: 46/46 MP: 4/4
  1430 | D:2      | Noticed Natasha
  1443 | D:2      | Killed Natasha
  1732 | D:2      | Found a faded altar of an unknown god.
  1911 | D:2      | Noticed Natasha
  1949 | D:2      | Killed Natasha
  2807 | D:3      | Found a shimmering altar of Xom.
  2809 | D:3      | Noticed Robin
  2830 | D:3      | Identified a scroll of acquirement
  2830 | D:3      | Acquired the ring of Doynkiudwu {Fly Will- Dex+6}
  2844 | D:2      | Killed Robin
  2848 | D:2      | Reached XP level 6. HP: 12/52 MP: 5/5
  3378 | D:3      | Found a broken altar of Ashenzari.
  3432 | D:3      | Killed from afar by an orc priest

Illustrated notes

Levels and vault maps discovered:
D:1:      heliophobic_arrival_dark_side_of_the_moon, layout_rooms,
          chequers_decorated_corner, minmay_tripent
D:2:      layout_loops_ring, hellmonk_ecumenical_altar_run_dry, basic_altar,
          chequers_big_river, uniq_natasha
D:3:      layout_basic, pf_just_have_faith, amcnicky_altar_gilded,
          old_standard_altar, uniq_robin
D:4:      layout_cave_pools, minmay_temple_entry_waves, serial_shops,
          kennysheep_little_box, grunt_decor_cap, uniq_grinder
D:5:      layout_loops_ring, mainiacjoe_overflow_alcove_1, st_stairs_9,
          grunt_decor_arrowhead, minmay_misc_feat_hallway,
          kennysheep_crisscross, serial_park_tiny_2, chequers_avenue,
          minmay_misc_feat_square
Temple:   kb_corrupted_temple

Skill      XL: |  1  2  3  4  5  6 |
---------------+-------------------+-----
Fighting       | 4 |  4.4
Long Blades    | 1 3 |  3.7
Stealth        | 5 |  5.2
Armour         | 1 2 3 |  3.2
Axes           | 3 |  3.2
Dodging        | |  2.8

Action                   |  1- 3 |  4- 6 || total
-------------------------+-------+-------++-------
Melee: Hand axe          |    11 |       ||    11
       Headbutt          |     3 |    11 ||    14
       Long sword        |     2 |   101 ||   103
Invok: Recall Undead Har |       |     1 ||     1
       Dark Bargain      |       |     1 ||     1
  Use: Scroll            |     1 |     4 ||     5
       Potion            |     1 |     1 ||     2
 Stab: Sleeping          |       |     5 ||     5
Armor: Leather armour    |     6 |     6 ||    12
       Plate armour      |       |    61 ||    61
       Ring mail         |       |     3 ||     3
Dodge: Dodged            |    18 |    69 ||    87
